Predators vs Kings
(R1)
Created - 9 février 2017 at 19:03
Goals
|
| Predators |
0 |
2 |
1 |
0 |
1 |
4 |
| Kings |
1 |
0 |
2 |
0 |
0 |
3 |
|
Shots
|
| Predators |
14 |
12 |
15 |
1 |
3 |
42 |
| Kings |
18 |
14 |
6 |
0 |
3 |
38 |
|
1st period
1. Kings , Patrik Elias 9 (Brandon Sutter, Brendan Smith) at 18:23
Penalties :
Ted Purcell (LAK) for Hooking (Minor) at 4:09
2nd period
2. Predators , Alexander Ovechkin 23 (Ryan Kesler) at 8:21 (SH)
3. Predators , Alexander Steen 17 (Niclas Bergfors, Alexander Edler) at 15:38 (PP)
Penalties :
Adam Burish (Nas) for High sticking (Minor) at 2:49, Alexander Ovechkin (Nas) for Interference (Minor) at 6:02, Adam Burish (Nas) for Interference (Minor) at 6:46, Ted Purcell (LAK) for Holding (Minor) at 15:01
3rd period
4. Kings , Jordan Eberle 13 (Anze Kopitar, Drew Doughty) at 0:50 (PP)
5. Predators , Niclas Bergfors 17 (Frans Nielsen, Alexander Steen) at 9:30
6. Kings , Chad Larose 13 (Andrew Cogliano, Jordan Nolan) at 16:19 (PP)
Penalties :
Alexander Ovechkin (Nas) for Tripping (Minor) at 0:29, Anze Kopitar (LAK) for Hooking (Minor) at 1:05, Alexander Ovechkin (Nas) for Holding (Minor) at 1:49, Frans Nielsen (Nas) for Tripping (Minor) at 6:17, Alexander Edler (Nas) for Hooking (Minor) at 9:40, Brett Clark (Nas) for Holding (Minor) at 14:35, Patrik Elias (LAK) for Holding Stick (Minor) at 18:55
Overtime #1
No Goal
Penalties :
No Penalty
Shootout
Penalty Shot by Alexander Ovechkin for Predators - Stopped by Evgeni Nabokov
Penalty Shot by Anze Kopitar for Kings - Shot Misses the Net
Penalty Shot by Ryan Kesler for Predators - Stopped by Evgeni Nabokov
Penalty Shot by Andrew Cogliano for Kings - Stopped by Viktor Fasth
Penalty Shot by Shane Doan for Predators - Goal!
Penalty Shot by Ted Purcell for Kings - Stopped by Viktor Fasth
Penalties :
No Penalty
Goalie Stats
Viktor Fasth (Nas), 35 saves from 38 shots - (0,921), W, 11-6-0, 65:00 minutes
Evgeni Nabokov (LAK), 39 saves from 42 shots - (0,929), OTL, 5-3-1, 65:00 minutes
Players Stats for Predators
Player Name G A P +/- PIM S H SB GA TA FO MP PP MP PK MP
------------------------------------------------------------------------------------
Adam Burish 0 0 0 0 4 1 1 0 0 1 2/3 15:02 0:24 2:44
Alexander Edler 0 1 1 0 2 3 0 2 2 0 0/0 29:35 3:22 6:12
Alexander Ovechkin 1 0 1 1 6 3 2 0 1 1 1/5 23:20 2:37 4:44
Alexander Steen 1 1 2 0 0 5 2 0 1 0 0/0 16:20 1:46 1:05
Andy Miele 0 0 0 0 0 1 1 0 0 0 3/6 10:15 0:00 0:00
Barret Jackman 0 0 0 0 0 1 0 0 0 1 0/0 16:23 1:02 0:53
Brett Clark 0 0 0 1 2 0 0 1 0 0 0/0 12:51 0:00 2:14
Byron Bitz 0 0 0 0 0 7 0 1 2 0 1/2 20:26 2:24 2:48
Christian Ehrhoff 0 0 0 0 0 3 0 0 0 0 0/0 19:19 3:22 0:55
David Jones 0 0 0 0 0 4 1 0 1 0 0/0 7:25 0:00 0:00
Frans Nielsen 0 1 1 0 2 1 4 0 1 0 5/13 15:04 0:00 2:16
James Van Riemsdyk 0 0 0 0 0 1 0 0 1 0 0/0 10:15 0:00 0:00
John Moore 0 0 0 1 0 0 3 1 2 0 0/0 21:27 0:00 4:55
Kris Vernarsky 0 0 0 0 0 1 0 0 0 0 3/5 8:27 1:46 0:45
Niclas Bergfors 1 1 2 0 0 7 3 2 0 0 0/0 17:17 1:46 0:00
Ryan Kesler 0 1 1 1 0 2 0 0 1 1 19/42 24:58 2:28 7:18
Ryan Mcdonagh 0 0 0 0 0 1 0 1 0 2 0/0 30:23 1:02 7:49
Shane Doan 0 0 0 0 0 1 0 0 0 0 0/1 7:06 0:00 0:02
Players Stats for Kings
Player Name G A P +/- PIM S H SB GA TA FO MP PP MP PK MP
------------------------------------------------------------------------------------
Andrew Cogliano 0 1 1 -1 0 4 0 0 0 1 1/1 21:30 5:44 0:00
Anze Kopitar 0 1 1 0 2 5 1 1 2 0 14/27 21:08 5:47 0:20
Brandon Sutter 0 1 1 1 0 3 2 0 0 1 3/8 10:59 0:12 0:56
Brendan Smith 0 1 1 0 0 0 3 1 0 2 0/0 25:39 6:58 1:06
Brent Sopel 0 0 0 -1 0 2 0 4 0 0 0/0 16:29 4:29 0:00
Chad Larose 1 0 1 -1 0 3 2 3 0 1 1/2 23:15 5:42 3:01
Daniel Cleary 0 0 0 -1 0 1 0 0 0 0 0/0 8:36 0:00 0:45
Dominic Moore 0 0 0 -1 0 1 0 0 1 1 4/12 12:11 0:00 4:20
Drew Doughty 0 1 1 -1 0 0 1 1 1 2 0/0 26:54 7:00 0:00
Jordan Eberle 1 0 1 0 0 6 1 1 0 0 3/4 21:01 5:47 0:00
Jordan Nolan 0 1 1 -1 0 5 2 1 0 1 16/22 18:20 5:30 0:00
Ladislav Nagy 0 0 0 -1 0 0 0 0 0 0 0/0 9:19 0:00 0:21
Lubomir Visnovsky 0 0 0 0 0 1 2 1 1 2 0/0 22:52 0:02 4:13
Michael Kostka 0 0 0 -1 0 2 1 1 0 1 0/0 18:32 4:29 1:06
Patrik Elias 1 0 1 1 2 2 1 0 0 0 1/1 8:43 0:00 0:00
Ryan O'Byrne 0 0 0 1 0 2 1 0 0 0 0/0 19:34 0:00 4:13
Ted Purcell 0 0 0 0 4 1 4 0 1 0 0/0 19:44 5:45 0:00
Tobias Rieder 0 0 0 1 0 0 2 0 0 0 0/0 8:36 0:00 0:00
3 Stars
1 - Niclas Bergfors (Nas)
2 - Alexander Steen (Nas)
3 - Jordan Eberle (LAK)
Power Play
Predators - 1 on 4 Attempt(s) - 25,00%
Kings - 2 on 8 Attempt(s) - 25,00%
Penalty Kill
Predators - 6 on 8 Attempt(s) - 75,00%
- Score 1 goal in Penalty Kill
Kings - 3 on 4 Attempt(s) - 75,00%
- Score 0 goal in Penalty Kill
Team Stat
Predators - Hits : 17 - Faceoff Wins : 34 - Blocked Shots : 8 - Penalty Minutes : 16
Kings - Hits : 23 - Faceoff Wins : 43 - Blocked Shots : 14 - Penalty Minutes : 8
Official
Referees : Kozari Steve and Pollock Kevin
Linesman : Scott Cherrey and Thor Nelson
Game Notes
19:33 of 3rd period - Predators goal is going for a video replay. After video review, No Goal. The referee deems the play has been stopped, even if he had not physically had the opportunity to stop play by blowing his whistle.
Finance
Level 1 -- Attendance: 5763 (96,05%) -- Ticket Income 489 855 $
Level 2 -- Attendance: 3258 (65,16%) -- Ticket Income 195 480 $
Level 3 -- Attendance: 1486 (74,30%) -- Ticket Income 52 010 $
Level 4 -- Attendance: 2881 (72,03%) -- Ticket Income 72 025 $
Luxury Box -- Attendance: 980 (98,00%) -- Ticket Income 137 200 $
Game was played at the Staples Center.
Total Attendance: 14368 (79,82%)
Total Ticket Income: 946 570 $
Other Income: 141 986 $
Total Income: 1 088 556 $
Predators
5 vs 5 Forward
Center Left Wing Right Wing Time % Phy DF OF
1 Ryan Kesler Alexander Ovechkin Byron Bitz 40 1 2 2
2 Frans Nielsen Alexander Steen Niclas Bergfors 30 1 2 2
3 Andy Miele James Van Riemsdyk Adam Burish 20 1 2 2
4 Kris Vernarsky Shane Doan David Jones 10 1 2 2
5 vs 5 Defense
Defense Defense Time % Phy DF OF
1 Alexander Edler Ryan Mcdonagh 40 1 2 2
2 Christian Ehrhoff John Moore 30 1 2 2
3 Barret Jackman Brett Clark 20 1 2 2
4 Ryan Mcdonagh John Moore 10 1 2 2
PowerPlay Forward
Center Left Wing Right Wing Time % Phy DF OF
1 Ryan Kesler Alexander Ovechkin Byron Bitz 60 1 2 2
2 Kris Vernarsky Alexander Steen Niclas Bergfors 40 1 2 2
PowerPlay Defense
Defense Defense Time % Phy DF OF
1 Christian Ehrhoff Alexander Edler 60 1 2 2
2 Barret Jackman Ryan Mcdonagh 40 1 2 2
Penalty Kill 4 Players Forward
Center Wing Time % Phy DF OF
1 Ryan Kesler Alexander Ovechkin 60 1 2 2
2 Frans Nielsen Byron Bitz 40 1 2 2
Penalty Kill 4 Players Defense
Defense Defense Time % Phy DF OF
1 Alexander Edler Ryan Mcdonagh 60 1 2 2
2 Brett Clark John Moore 40 1 2 2
Penalty Kill - 3 Players Forward
Forward Time % Phy DF OF
1 Ryan Kesler 60 1 2 2
2 Byron Bitz 40 1 2 2
Penalty Kill - 3 Players Defense
Defense Defense Time % Phy DF OF
1 Alexander Edler Ryan Mcdonagh 60 1 2 2
2 Brett Clark John Moore 40 1 2 2
4 vs 4 Forward
Center Wing Time % Phy DF OF
1 Alexander Ovechkin Niclas Bergfors 60 1 2 2
2 Ryan Kesler Byron Bitz 40 1 2 2
4 vs 4 Defense
Defense Defense Time % Phy DF OF
1 Alexander Edler Ryan Mcdonagh 60 1 2 2
2 Barret Jackman John Moore 40 1 2 2
Last Minutes Offensive
Center Left Wing Right Wing Defense Defense
Ryan Kesler Alexander Ovechkin Byron Bitz Alexander Edler Ryan Mcdonagh
Last Minutes Defensive
Center Left Wing Right Wing Defense Defense
Frans Nielsen Alexander Ovechkin Byron Bitz Ryan Mcdonagh Brett Clark
Goaltenders
Starting : Viktor Fasth
Backup : Maxime Daigneault
Extra Forwards
Normal : Adam Burish, David Jones, Shane Doan - PP : Adam Burish, David Jones - PK : Adam Burish
Extra Defensemen
Normal : Barret Jackman, Alexander Edler, John Moore - PP : John Moore - PK : John Moore, Christian Ehrhoff
Penalty Shots
Alexander Ovechkin, Ryan Kesler, Shane Doan, Andy Miele, Alexander Steen
Kings
5 vs 5 Forward
Center Left Wing Right Wing Time % Phy DF OF
1 Anze Kopitar Andrew Cogliano Chad Larose 35 1 2 2
2 Jordan Nolan Ted Purcell Jordan Eberle 35 1 2 2
3 Brandon Sutter Patrik Elias Tobias Rieder 20 0 3 2
4 Dominic Moore Ladislav Nagy Daniel Cleary 10 1 2 2
5 vs 5 Defense
Defense Defense Time % Phy DF OF
1 Drew Doughty Lubomir Visnovsky 40 0 3 2
2 Brendan Smith Ryan O'Byrne 35 0 3 2
3 Brent Sopel Michael Kostka 25 0 3 2
4 Drew Doughty Brendan Smith 0 1 3 1
PowerPlay Forward
Center Left Wing Right Wing Time % Phy DF OF
1 Anze Kopitar Ted Purcell Jordan Eberle 60 0 1 4
2 Jordan Nolan Andrew Cogliano Chad Larose 40 0 1 4
PowerPlay Defense
Defense Defense Time % Phy DF OF
1 Drew Doughty Brendan Smith 60 0 2 3
2 Brent Sopel Michael Kostka 40 0 3 2
Penalty Kill 4 Players Forward
Center Wing Time % Phy DF OF
1 Dominic Moore Chad Larose 60 1 2 2
2 Brandon Sutter Daniel Cleary 40 1 2 2
Penalty Kill 4 Players Defense
Defense Defense Time % Phy DF OF
1 Lubomir Visnovsky Ryan O'Byrne 60 1 4 0
2 Michael Kostka Brendan Smith 40 1 4 0
Penalty Kill - 3 Players Forward
Forward Time % Phy DF OF
1 Dominic Moore 60 1 4 0
2 Brandon Sutter 40 1 4 0
Penalty Kill - 3 Players Defense
Defense Defense Time % Phy DF OF
1 Ryan O'Byrne Lubomir Visnovsky 60 1 4 0
2 Michael Kostka Brendan Smith 40 1 4 0
4 vs 4 Forward
Center Wing Time % Phy DF OF
1 Anze Kopitar Andrew Cogliano 60 1 2 2
2 Jordan Eberle Ted Purcell 40 1 2 2
4 vs 4 Defense
Defense Defense Time % Phy DF OF
1 Lubomir Visnovsky Drew Doughty 60 1 2 2
2 Brendan Smith Michael Kostka 40 1 2 2
Last Minutes Offensive
Center Left Wing Right Wing Defense Defense
Anze Kopitar Andrew Cogliano Jordan Eberle Drew Doughty Brendan Smith
Last Minutes Defensive
Center Left Wing Right Wing Defense Defense
Anze Kopitar Andrew Cogliano Chad Larose Ryan O'Byrne Brendan Smith
Goaltenders
Starting : Evgeni Nabokov
Backup : Jonathan Quick
Extra Forwards
Normal : Anze Kopitar, Jordan Eberle, Chad Larose - PP : Brandon Sutter, Chad Larose - PK : Anze Kopitar
Extra Defensemen
Normal : Drew Doughty, Brendan Smith, Ryan O'Byrne - PP : Brent Sopel - PK : Drew Doughty, Brent Sopel
Penalty Shots
Anze Kopitar, Andrew Cogliano, Ted Purcell, Jordan Eberle, Dominic Moore
% Time on Ice - Predators
Lines # - Real PCT - Wanted PCT - Time Play
Normal Forward
1 - 33% - 40% - 13:58
2 - 30% - 30% - 12:46
3 - 24% - 20% - 10:15
4 - 14% - 10% - 5:53
Normal Defense
1 - 43% - 40% - 18:23
2 - 30% - 30% - 12:56
3 - 24% - 20% - 10:05
4 - 3% - 10% - 1:28
PP Forward
1 - 60% - 60% - 2:38
2 - 40% - 40% - 1:46
PP Defense
1 - 77% - 60% - 3:22
2 - 23% - 40% - 1:02
PK Forward
1 - 75% - 60% - 7:42
2 - 25% - 40% - 2:32
PK Defense
1 - 73% - 60% - 7:31
2 - 27% - 40% - 2:43
PK3 Forward
1 - 79% - 60% - 0:59
2 - 21% - 40% - 0:16
PK3 Defense
1 - 53% - 60% - 0:40
2 - 47% - 40% - 0:35
44 Forward
1 - 77% - 60% - 4:49
2 - 23% - 40% - 1:26
44 Defense
1 - 62% - 60% - 3:53
2 - 38% - 40% - 2:22
Last Minute Offensive - 0:00
Last Minute Defensive - 0:00
Total
Forward - 65:00
Defense - 65:00
|
% Time on Ice - Kings
Lines # - Real PCT - Wanted PCT - Time Play
Normal Forward
1 - 30% - 35% - 12:57
2 - 31% - 35% - 13:28
3 - 20% - 20% - 8:36
4 - 18% - 10% - 7:51
Normal Defense
1 - 40% - 40% - 17:18
2 - 34% - 35% - 14:31
3 - 24% - 25% - 10:22
4 - 2% - 0% - 0:41
PP Forward
1 - 50% - 60% - 5:47
2 - 50% - 40% - 5:42
PP Defense
1 - 61% - 60% - 7:00
2 - 39% - 40% - 4:29
PK Forward
1 - 83% - 60% - 3:39
2 - 17% - 40% - 0:45
PK Defense
1 - 84% - 60% - 3:41
2 - 16% - 40% - 0:43
PK3 Forward
1 - 80% - 60% - 0:44
2 - 20% - 40% - 0:11
PK3 Defense
1 - 58% - 60% - 0:32
2 - 42% - 40% - 0:23
44 Forward
1 - 86% - 60% - 4:35
2 - 14% - 40% - 0:45
44 Defense
1 - 46% - 60% - 2:28
2 - 54% - 40% - 2:52
Last Minute Offensive - 0:00
Last Minute Defensive - 0:00
Total
Forward - 65:00
Defense - 65:00
|
Play by Play
1st period
0:01 of 1st period - Anze Kopitar wins face-off versus Ryan Kesler in neutral zone.
0:26 of 1st period - Alexander Edler is hit by Jordan Nolan and loses puck.
0:35 of 1st period - Snap shot by Frans Nielsen.
0:35 of 1st period - Shot Misses the Net.
0:37 of 1st period - Snap shot by Niclas Bergfors.
0:37 of 1st period - Stopped by Evgeni Nabokov with a rebound.
0:47 of 1st period - Wrist shot by Jordan Eberle.
0:47 of 1st period - Stopped by Viktor Fasth with a rebound.
0:49 of 1st period - Snap shot by Brandon Sutter.
0:49 of 1st period - Shot Misses the Net.
0:51 of 1st period - Snap shot by Patrik Elias.
0:51 of 1st period - Deflect By Brandon Sutter.
0:51 of 1st period - Stopped by Viktor Fasth without a rebound.
0:52 of 1st period - Brandon Sutter wins face-off versus Kris Vernarsky in Predators zone.
0:57 of 1st period - Snap shot by Patrik Elias.
0:57 of 1st period - Shot Misses the Net.
0:59 of 1st period - Wrist shot by Brent Sopel.
0:59 of 1st period - Stopped by Viktor Fasth with a rebound.
1:01 of 1st period - Snap shot by Brandon Sutter.
1:01 of 1st period - Stopped by Viktor Fasth with a rebound.
1:03 of 1st period - Snap shot by Brandon Sutter.
1:03 of 1st period - Stopped by Viktor Fasth without a rebound.
1:04 of 1st period - Ryan Kesler wins face-off versus Dominic Moore in Predators zone.
1:59 of 1st period - Snap shot by Ted Purcell.
1:59 of 1st period - Stopped by Viktor Fasth with a rebound.
2:01 of 1st period - Snap shot by Michael Kostka.
2:01 of 1st period - Stopped by Viktor Fasth with a rebound.
2:03 of 1st period - Snap shot by Jordan Eberle.
2:03 of 1st period - Stopped by Viktor Fasth without a rebound.
2:04 of 1st period - Frans Nielsen wins face-off versus Brandon Sutter in Predators zone.
2:36 of 1st period - Snap shot by Jordan Eberle.
2:36 of 1st period - Stopped by Viktor Fasth without a rebound.
2:37 of 1st period - Alexander Ovechkin wins face-off versus Anze Kopitar in Predators zone.
2:44 of 1st period - Wrist shot by Andrew Cogliano.
2:44 of 1st period - Stopped by Viktor Fasth without a rebound.
2:45 of 1st period - Anze Kopitar wins face-off versus Ryan Kesler in Predators zone.
3:18 of 1st period - Snap shot by Anze Kopitar.
3:18 of 1st period - Shot Blocked by Brett Clark.
3:38 of 1st period - Wrist shot by Andrew Cogliano.
3:38 of 1st period - Shot Misses the Net.
3:44 of 1st period - Backhand shot by Byron Bitz.
3:44 of 1st period - Shot Blocked by Chad Larose.
3:56 of 1st period - Wrist shot by Alexander Ovechkin.
3:56 of 1st period - Shot Misses the Net.
3:58 of 1st period - Slapshot by Brett Clark.
3:58 of 1st period - Shot Blocked by Brent Sopel.
4:06 of 1st period - Snap shot by Alexander Ovechkin.
4:06 of 1st period - Deflect By Byron Bitz.
4:06 of 1st period - Shot Blocked by Brent Sopel.
4:06 of 1st period - Puck is out of play.
4:07 of 1st period - Jordan Nolan wins face-off versus Frans Nielsen in Kings zone.
4:09 of 1st period - Minor Penalty to Ted Purcell for Hooking.
4:10 of 1st period - Kris Vernarsky wins face-off versus Dominic Moore in Kings zone.
4:10 of 1st period - Slapshot by Alexander Edler.
4:10 of 1st period - Stopped by Evgeni Nabokov with a rebound.
4:42 of 1st period - Dominic Moore is hit by Alexander Steen and loses puck.
5:02 of 1st period - Slapshot by Ryan O'Byrne.
5:02 of 1st period - Stopped by Viktor Fasth without a rebound.
5:03 of 1st period - Adam Burish wins face-off versus Brandon Sutter in Predators zone.
5:03 of 1st period - Adam Burish is hit by Brandon Sutter.
5:21 of 1st period - Wrist shot by Brandon Sutter.
5:21 of 1st period - Shot Misses the Net.
5:47 of 1st period - Ryan O'Byrne is hit by Niclas Bergfors and loses puck.
6:09 of 1st period - Penalty to Ted Purcell is over, Ted Purcell is back on ice.
6:18 of 1st period - Andy Miele is hit by Jordan Eberle and loses puck.
7:35 of 1st period - Alexander Ovechkin is hit by Patrik Elias and loses puck.
7:56 of 1st period - Snap shot by Byron Bitz.
7:56 of 1st period - Stopped by Evgeni Nabokov with a rebound.
8:02 of 1st period - Slapshot by Ryan Kesler.
8:02 of 1st period - Deflect By Alexander Ovechkin.
8:02 of 1st period - Stopped by Evgeni Nabokov without a rebound.
8:03 of 1st period - Jordan Nolan wins face-off versus Frans Nielsen in Kings zone.
8:07 of 1st period - Drew Doughty is hit by Frans Nielsen and loses puck.
8:38 of 1st period - Wrist shot by Anze Kopitar.
8:38 of 1st period - Stopped by Viktor Fasth with a rebound.
8:52 of 1st period - Brendan Smith is hit by David Jones and loses puck.
9:01 of 1st period - Wrist shot by Kris Vernarsky.
9:01 of 1st period - Stopped by Evgeni Nabokov with a rebound.
9:25 of 1st period - Jordan Nolan is hit by Adam Burish and loses puck.
9:59 of 1st period - Frans Nielsen is hit by Tobias Rieder and loses puck.
10:18 of 1st period - Snap shot by James Van Riemsdyk.
10:18 of 1st period - Stopped by Evgeni Nabokov without a rebound.
10:19 of 1st period - Jordan Nolan wins face-off versus Andy Miele in Kings zone.
10:40 of 1st period - Wrist shot by Andy Miele.
10:40 of 1st period - Stopped by Evgeni Nabokov without a rebound.
10:41 of 1st period - Frans Nielsen wins face-off versus Anze Kopitar in Kings zone.
10:50 of 1st period - Slapshot by Niclas Bergfors.
10:50 of 1st period - Stopped by Evgeni Nabokov with a rebound.
12:09 of 1st period - Icing by Ryan O'Byrne.
12:10 of 1st period - Frans Nielsen wins face-off versus Dominic Moore in Kings zone.
12:41 of 1st period - Wrist shot by Dominic Moore.
12:41 of 1st period - Shot Blocked by Niclas Bergfors.
12:43 of 1st period - Slapshot by Ryan O'Byrne.
12:43 of 1st period - Stopped by Viktor Fasth without a rebound.
12:44 of 1st period - Ryan Kesler wins face-off versus Jordan Nolan in Predators zone.
12:44 of 1st period - Ryan Kesler is hit by Ted Purcell.
12:58 of 1st period - Wrist shot by Jordan Eberle.
12:58 of 1st period - Stopped by Viktor Fasth without a rebound.
12:59 of 1st period - Anze Kopitar wins face-off versus Frans Nielsen in Predators zone.
14:05 of 1st period - Icing by Patrik Elias.
14:06 of 1st period - Kris Vernarsky wins face-off versus Dominic Moore in Kings zone.
14:17 of 1st period - Snap shot by David Jones.
14:17 of 1st period - Stopped by Evgeni Nabokov with a rebound.
14:19 of 1st period - Slapshot by Christian Ehrhoff.
14:19 of 1st period - Stopped by Evgeni Nabokov with a rebound.
14:21 of 1st period - Slapshot by Christian Ehrhoff.
14:21 of 1st period - Stopped by Evgeni Nabokov with a rebound.
14:55 of 1st period - Snap shot by Ryan Kesler.
14:55 of 1st period - Stopped by Evgeni Nabokov with a rebound.
15:20 of 1st period - Icing by Jordan Eberle.
15:21 of 1st period - Jordan Nolan wins face-off versus Alexander Ovechkin in Kings zone.
15:21 of 1st period - Jordan Nolan is hit by Alexander Ovechkin.
15:29 of 1st period - Snap shot by Jordan Nolan.
15:29 of 1st period - Shot Misses the Net.
15:33 of 1st period - Slapshot by Jordan Nolan.
15:33 of 1st period - Stopped by Viktor Fasth without a rebound.
15:34 of 1st period - Ryan Kesler wins face-off versus Anze Kopitar in Predators zone.
16:00 of 1st period - Ryan Mcdonagh is hit by Ted Purcell and loses puck.
16:07 of 1st period - Snap shot by Jordan Nolan.
16:07 of 1st period - Shot Misses the Net.
16:09 of 1st period - Snap shot by Jordan Eberle.
16:09 of 1st period - Shot Misses the Net.
16:13 of 1st period - Snap shot by Jordan Nolan.
16:13 of 1st period - Stopped by Viktor Fasth with a rebound.
16:27 of 1st period - Wrist shot by Adam Burish.
16:27 of 1st period - Shot Blocked by Brent Sopel.
16:47 of 1st period - Wrist shot by Ryan Kesler.
16:47 of 1st period - Shot Misses the Net.
16:49 of 1st period - Wrist shot by Ryan Kesler.
16:49 of 1st period - Stopped by Evgeni Nabokov with a rebound.
16:51 of 1st period - Snap shot by Ryan Kesler.
16:51 of 1st period - Shot Blocked by Michael Kostka.
17:10 of 1st period - Snap shot by Andrew Cogliano.
17:10 of 1st period - Stopped by Viktor Fasth with a rebound.
18:05 of 1st period - Wrist shot by Ryan Kesler.
18:05 of 1st period - Shot Blocked by Jordan Eberle.
18:07 of 1st period - Wrist shot by Byron Bitz.
18:07 of 1st period - Deflect By Alexander Ovechkin.
18:07 of 1st period - Stopped by Evgeni Nabokov without a rebound.
18:08 of 1st period - Brandon Sutter wins face-off versus Frans Nielsen in Kings zone.
18:23 of 1st period - Snap shot by Patrik Elias.
18:23 of 1st period - Goal by Patrik Elias - Predators : 0 - Kings : 1.
18:24 of 1st period - Jordan Nolan wins face-off versus Ryan Kesler in neutral zone.
18:37 of 1st period - Slapshot by Alexander Ovechkin.
18:37 of 1st period - Shot Misses the Net.
19:33 of 1st period - Michael Kostka is hit by Frans Nielsen and loses puck.
Goals for this period are 0 for Predators vs 1 for Kings.
Shots for this period are 14 for Predators vs 18 for Kings.
2nd period
0:01 of 2nd period - Jordan Nolan wins face-off versus Ryan Kesler in neutral zone.
0:26 of 2nd period - Anze Kopitar is hit by Frans Nielsen and loses puck.
0:37 of 2nd period - Wrist shot by Alexander Steen.
0:37 of 2nd period - Shot Misses the Net.
0:39 of 2nd period - Snap shot by Brett Clark.
0:39 of 2nd period - Shot Blocked by Lubomir Visnovsky.
0:59 of 2nd period - Wrist shot by Patrik Elias.
0:59 of 2nd period - Stopped by Viktor Fasth without a rebound.
1:00 of 2nd period - Jordan Nolan wins face-off versus Ryan Kesler in Predators zone.
1:09 of 2nd period - Snap shot by Jordan Nolan.
1:09 of 2nd period - Stopped by Viktor Fasth without a rebound.
1:10 of 2nd period - Jordan Nolan wins face-off versus Ryan Kesler in Predators zone.
1:13 of 2nd period - Slapshot by Jordan Nolan.
1:13 of 2nd period - Stopped by Viktor Fasth without a rebound.
1:14 of 2nd period - Ryan Kesler wins face-off versus Jordan Eberle in Predators zone.
1:27 of 2nd period - Alexander Ovechkin is hit by Brendan Smith and loses puck.
1:40 of 2nd period - Anze Kopitar is hit by Niclas Bergfors and loses puck.
1:51 of 2nd period - Slapshot by Drew Doughty.
1:51 of 2nd period - Deflect By Chad Larose.
1:51 of 2nd period - Stopped by Viktor Fasth without a rebound.
1:52 of 2nd period - Andy Miele wins face-off versus Jordan Nolan in Predators zone.
1:52 of 2nd period - Andy Miele is hit by Ted Purcell.
2:00 of 2nd period - Wrist shot by Adam Burish.
2:00 of 2nd period - Stopped by Evgeni Nabokov without a rebound.
2:01 of 2nd period - Jordan Nolan wins face-off versus Andy Miele in Kings zone.
2:49 of 2nd period - Minor Penalty to Adam Burish for High sticking.
2:50 of 2nd period - Jordan Nolan wins face-off versus Ryan Kesler in Predators zone.
2:54 of 2nd period - Slapshot by Drew Doughty.
2:54 of 2nd period - Shot Misses the Net.
2:56 of 2nd period - Slapshot by Jordan Nolan.
2:56 of 2nd period - Deflect By Andrew Cogliano.
2:56 of 2nd period - Shot Blocked by Alexander Edler.
2:56 of 2nd period - Puck is out of play.
2:57 of 2nd period - Ryan Kesler wins face-off versus Jordan Nolan in Predators zone.
2:57 of 2nd period - Ryan Kesler is hit by Chad Larose.
4:49 of 2nd period - Penalty to Adam Burish is over, Adam Burish is back on ice.
5:07 of 2nd period - Slapshot by Christian Ehrhoff.
5:07 of 2nd period - Deflect By Daniel Cleary.
5:07 of 2nd period - Stopped by Evgeni Nabokov with a rebound.
5:09 of 2nd period - Slapshot by Barret Jackman.
5:09 of 2nd period - Stopped by Evgeni Nabokov without a rebound.
5:10 of 2nd period - Brandon Sutter wins face-off versus Kris Vernarsky in Kings zone.
5:25 of 2nd period - Brent Sopel is hit by John Moore and loses puck.
5:59 of 2nd period - Snap shot by Anze Kopitar.
5:59 of 2nd period - Stopped by Viktor Fasth without a rebound.
6:00 of 2nd period - Ryan Kesler wins face-off versus Anze Kopitar in Predators zone.
6:02 of 2nd period - Minor Penalty to Alexander Ovechkin for Interference.
6:03 of 2nd period - Anze Kopitar wins face-off versus Ryan Kesler in Predators zone.
6:09 of 2nd period - Slapshot by Jordan Eberle.
6:09 of 2nd period - Stopped by Viktor Fasth without a rebound.
6:10 of 2nd period - Adam Burish wins face-off versus Anze Kopitar in Predators zone.
6:23 of 2nd period - Snap shot by Anze Kopitar.
6:23 of 2nd period - Shot Misses the Net.
6:25 of 2nd period - Slapshot by Anze Kopitar.
6:25 of 2nd period - Stopped by Viktor Fasth without a rebound.
6:26 of 2nd period - Ryan Kesler wins face-off versus Anze Kopitar in Predators zone.
6:46 of 2nd period - Minor Penalty to Adam Burish for Interference.
6:47 of 2nd period - Ryan Kesler wins face-off versus Anze Kopitar in Predators zone.
8:02 of 2nd period - Penalty to Alexander Ovechkin is over, Alexander Ovechkin is back on ice.
8:17 of 2nd period - Icing by Brendan Smith.
8:18 of 2nd period - Ryan Kesler wins face-off versus Jordan Nolan in Kings zone.
8:21 of 2nd period - Wrist shot by Alexander Ovechkin.
8:21 of 2nd period - Goal by Alexander Ovechkin - Predators : 1 - Kings : 1.
8:22 of 2nd period - Anze Kopitar wins face-off versus Ryan Kesler in neutral zone.
8:46 of 2nd period - Penalty to Adam Burish is over, Adam Burish is back on ice.
8:57 of 2nd period - Wrist shot by Frans Nielsen.
8:57 of 2nd period - Stopped by Evgeni Nabokov without a rebound.
8:58 of 2nd period - Patrik Elias wins face-off versus Frans Nielsen in Kings zone.
9:37 of 2nd period - Snap shot by Andrew Cogliano.
9:37 of 2nd period - Deflect By Chad Larose.
9:37 of 2nd period - Stopped by Viktor Fasth with a rebound.
10:09 of 2nd period - Slapshot by Niclas Bergfors.
10:09 of 2nd period - Stopped by Evgeni Nabokov with a rebound.
10:19 of 2nd period - Wrist shot by Daniel Cleary.
10:19 of 2nd period - Stopped by Viktor Fasth without a rebound.
10:20 of 2nd period - Ryan Kesler wins face-off versus Anze Kopitar in Predators zone.
10:27 of 2nd period - Snap shot by Byron Bitz.
10:27 of 2nd period - Stopped by Evgeni Nabokov without a rebound.
10:28 of 2nd period - Chad Larose wins face-off versus Ryan Kesler in Kings zone.
10:33 of 2nd period - Slapshot by Lubomir Visnovsky.
10:33 of 2nd period - Stopped by Viktor Fasth without a rebound.
10:34 of 2nd period - Ryan Kesler wins face-off versus Jordan Nolan in Predators zone.
11:41 of 2nd period - Brent Sopel is hit by John Moore and loses puck.
12:16 of 2nd period - John Moore is hit by Ted Purcell and loses puck.
12:31 of 2nd period - Wrist shot by Niclas Bergfors.
12:31 of 2nd period - Shot Misses the Net.
12:37 of 2nd period - Wrist shot by Niclas Bergfors.
12:37 of 2nd period - Stopped by Evgeni Nabokov with a rebound.
12:39 of 2nd period - Snap shot by Alexander Steen.
12:39 of 2nd period - Stopped by Evgeni Nabokov with a rebound.
12:48 of 2nd period - Icing by Ryan O'Byrne.
12:49 of 2nd period - Anze Kopitar wins face-off versus Andy Miele in Kings zone.
12:49 of 2nd period - Anze Kopitar is hit by Andy Miele.
13:01 of 2nd period - Slapshot by Alexander Edler.
13:01 of 2nd period - Shot Blocked by Chad Larose.
13:05 of 2nd period - Wrist shot by James Van Riemsdyk.
13:05 of 2nd period - Shot Blocked by Anze Kopitar.
13:17 of 2nd period - Snap shot by Niclas Bergfors.
13:17 of 2nd period - Stopped by Evgeni Nabokov with a rebound.
13:27 of 2nd period - Alexander Steen is hit by Anze Kopitar and loses puck.
13:36 of 2nd period - Snap shot by Anze Kopitar.
13:36 of 2nd period - Stopped by Viktor Fasth without a rebound.
13:37 of 2nd period - Jordan Nolan wins face-off versus Ryan Kesler in Predators zone.
14:08 of 2nd period - John Moore is hit by Drew Doughty and loses puck.
15:01 of 2nd period - Minor Penalty to Ted Purcell for Holding.
15:02 of 2nd period - Dominic Moore wins face-off versus Ryan Kesler in Kings zone.
15:38 of 2nd period - Slapshot by Alexander Steen.
15:38 of 2nd period - Goal by Alexander Steen - Predators : 2 - Kings : 1.
15:39 of 2nd period - Jordan Nolan wins face-off versus Ryan Kesler in neutral zone.
16:33 of 2nd period - Adam Burish is hit by Brandon Sutter and loses puck.
17:09 of 2nd period - Snap shot by Alexander Ovechkin.
17:09 of 2nd period - Shot Misses the Net.
17:25 of 2nd period - Slapshot by Drew Doughty.
17:25 of 2nd period - Shot Misses the Net.
17:27 of 2nd period - Slapshot by Brent Sopel.
17:27 of 2nd period - Deflect By Chad Larose.
17:27 of 2nd period - Shot Blocked by John Moore.
17:27 of 2nd period - Puck is out of play.
17:28 of 2nd period - Anze Kopitar wins face-off versus Frans Nielsen in Predators zone.
17:29 of 2nd period - Snap shot by Andrew Cogliano.
17:29 of 2nd period - Stopped by Viktor Fasth without a rebound.
17:30 of 2nd period - Andrew Cogliano wins face-off versus Frans Nielsen in Predators zone.
17:35 of 2nd period - Snap shot by Chad Larose.
17:35 of 2nd period - Shot Blocked by Alexander Edler.
17:43 of 2nd period - Backhand shot by Anze Kopitar.
17:43 of 2nd period - Shot Blocked by Ryan Mcdonagh.
17:45 of 2nd period - Slapshot by Michael Kostka.
17:45 of 2nd period - Stopped by Viktor Fasth with a rebound.
17:47 of 2nd period - Snap shot by Brent Sopel.
17:47 of 2nd period - Stopped by Viktor Fasth without a rebound.
17:48 of 2nd period - Ryan Kesler wins face-off versus Jordan Nolan in Predators zone.
17:55 of 2nd period - Slapshot by Ryan Mcdonagh.
17:55 of 2nd period - Deflect By Alexander Ovechkin.
17:55 of 2nd period - Shot Misses the Net.
17:55 of 2nd period - Puck is out of play.
17:56 of 2nd period - Jordan Nolan wins face-off versus Ryan Kesler in Kings zone.
18:23 of 2nd period - Snap shot by Alexander Edler.
18:23 of 2nd period - Stopped by Evgeni Nabokov without a rebound.
18:24 of 2nd period - Andy Miele wins face-off versus Anze Kopitar in Kings zone.
18:51 of 2nd period - John Moore is hit by Tobias Rieder and loses puck.
Goals for this period are 2 for Predators vs 0 for Kings.
Shots for this period are 12 for Predators vs 14 for Kings.
3rd period
0:01 of 3rd period - Anze Kopitar wins face-off versus Ryan Kesler in neutral zone.
0:05 of 3rd period - Off-side.
0:06 of 3rd period - Anze Kopitar wins face-off versus Ryan Kesler in neutral zone.
0:29 of 3rd period - Minor Penalty to Alexander Ovechkin for Tripping.
0:30 of 3rd period - Ryan Kesler wins face-off versus Anze Kopitar in Predators zone.
0:36 of 3rd period - Icing by Ted Purcell.
0:37 of 3rd period - Ryan Kesler wins face-off versus Anze Kopitar in Kings zone.
0:48 of 3rd period - Slapshot by Anze Kopitar.
0:48 of 3rd period - Stopped by Viktor Fasth with a rebound.
0:50 of 3rd period - Snap shot by Jordan Eberle.
0:50 of 3rd period - Goal by Jordan Eberle - Predators : 2 - Kings : 2.
0:51 of 3rd period - Anze Kopitar wins face-off versus Byron Bitz in neutral zone.
1:05 of 3rd period - Minor Penalty to Anze Kopitar for Hooking.
1:06 of 3rd period - Dominic Moore wins face-off versus Ryan Kesler in Kings zone.
1:12 of 3rd period - Wrist shot by Alexander Edler.
1:12 of 3rd period - Shot Blocked by Chad Larose.
1:31 of 3rd period - Chad Larose is hit by Alexander Steen and loses puck.
1:40 of 3rd period - Snap shot by Kris Vernarsky.
1:40 of 3rd period - Shot Misses the Net.
1:46 of 3rd period - Slapshot by Chad Larose.
1:46 of 3rd period - Deflect By Dominic Moore.
1:46 of 3rd period - Shot Blocked by Byron Bitz.
1:46 of 3rd period - Puck is out of play.
1:47 of 3rd period - Byron Bitz wins face-off versus Dominic Moore in Predators zone.
1:49 of 3rd period - Minor Penalty to Alexander Ovechkin for Holding.
1:50 of 3rd period - Jordan Eberle wins face-off versus Adam Burish in Predators zone.
2:36 of 3rd period - Wrist shot by Ryan Mcdonagh.
2:36 of 3rd period - Stopped by Evgeni Nabokov with a rebound.
2:38 of 3rd period - Snap shot by David Jones.
2:38 of 3rd period - Stopped by Evgeni Nabokov with a rebound.
2:58 of 3rd period - Slapshot by Alexander Steen.
2:58 of 3rd period - Deflect By Shane Doan.
2:58 of 3rd period - Stopped by Evgeni Nabokov without a rebound.
2:59 of 3rd period - Jordan Eberle wins face-off versus Shane Doan in Kings zone.
3:05 of 3rd period - Penalty to Anze Kopitar is over, Anze Kopitar is back on ice.
3:06 of 3rd period - Snap shot by Alexander Steen.
3:06 of 3rd period - Stopped by Evgeni Nabokov without a rebound.
3:07 of 3rd period - Ryan Kesler wins face-off versus Anze Kopitar in Kings zone.
3:10 of 3rd period - Snap shot by Adam Burish.
3:10 of 3rd period - Shot Blocked by Brendan Smith.
3:42 of 3rd period - Alexander Steen is hit by Jordan Nolan and loses puck.
3:49 of 3rd period - Penalty to Alexander Ovechkin is over, Alexander Ovechkin is back on ice.
4:23 of 3rd period - James Van Riemsdyk is hit by Lubomir Visnovsky and loses puck.
5:58 of 3rd period - Slapshot by Brendan Smith.
5:58 of 3rd period - Shot Misses the Net.
6:00 of 3rd period - Slapshot by Jordan Nolan.
6:00 of 3rd period - Stopped by Viktor Fasth without a rebound.
6:01 of 3rd period - Anze Kopitar wins face-off versus Frans Nielsen in Predators zone.
6:02 of 3rd period - Snap shot by Andrew Cogliano.
6:02 of 3rd period - Shot Misses the Net.
6:04 of 3rd period - Slapshot by Michael Kostka.
6:04 of 3rd period - Deflect By Andrew Cogliano.
6:04 of 3rd period - Stopped by Viktor Fasth with a rebound.
6:17 of 3rd period - Minor Penalty to Frans Nielsen for Tripping.
6:18 of 3rd period - Anze Kopitar wins face-off versus Ryan Kesler in Predators zone.
8:17 of 3rd period - Penalty to Frans Nielsen is over, Frans Nielsen is back on ice.
8:27 of 3rd period - Slapshot by Frans Nielsen.
8:27 of 3rd period - Deflect By Alexander Steen.
8:27 of 3rd period - Stopped by Evgeni Nabokov with a rebound.
8:31 of 3rd period - Snap shot by Niclas Bergfors.
8:31 of 3rd period - Stopped by Evgeni Nabokov without a rebound.
8:32 of 3rd period - Frans Nielsen wins face-off versus Brandon Sutter in Kings zone.
8:35 of 3rd period - Snap shot by Niclas Bergfors.
8:35 of 3rd period - Shot Misses the Net.
8:43 of 3rd period - Niclas Bergfors is hit by Brendan Smith and loses puck.
8:52 of 3rd period - Christian Ehrhoff is hit by Ryan O'Byrne and loses puck.
9:05 of 3rd period - Michael Kostka is hit by Frans Nielsen and loses puck.
9:30 of 3rd period - Snap shot by Niclas Bergfors.
9:30 of 3rd period - Goal by Niclas Bergfors - Predators : 3 - Kings : 2.
9:31 of 3rd period - Anze Kopitar wins face-off versus Ryan Kesler in neutral zone.
9:31 of 3rd period - Anze Kopitar is hit by Alexander Ovechkin.
9:40 of 3rd period - Minor Penalty to Alexander Edler for Hooking.
9:41 of 3rd period - Anze Kopitar wins face-off versus Alexander Ovechkin in Predators zone.
10:42 of 3rd period - Icing by Brent Sopel.
10:43 of 3rd period - Jordan Nolan wins face-off versus Ryan Kesler in Kings zone.
11:40 of 3rd period - Penalty to Alexander Edler is over, Alexander Edler is back on ice.
12:44 of 3rd period - Wrist shot by Brandon Sutter.
12:44 of 3rd period - Shot Misses the Net.
13:12 of 3rd period - Icing by Byron Bitz.
13:13 of 3rd period - Ryan Kesler wins face-off versus Dominic Moore in Predators zone.
13:13 of 3rd period - Ryan Kesler is hit by Michael Kostka.
13:26 of 3rd period - Off-side.
13:27 of 3rd period - Jordan Nolan wins face-off versus Ryan Kesler in neutral zone.
13:41 of 3rd period - Snap shot by Alexander Ovechkin.
13:41 of 3rd period - Shot Misses the Net.
13:43 of 3rd period - Slapshot by Alexander Edler.
13:43 of 3rd period - Shot Blocked by Jordan Nolan.
14:35 of 3rd period - Minor Penalty to Brett Clark for Holding.
14:36 of 3rd period - Jordan Nolan wins face-off versus Ryan Kesler in Predators zone.
14:45 of 3rd period - Slapshot by Jordan Nolan.
14:45 of 3rd period - Shot Misses the Net.
15:20 of 3rd period - John Moore is hit by Chad Larose and loses puck.
16:19 of 3rd period - Snap shot by Chad Larose.
16:19 of 3rd period - Goal by Chad Larose - Predators : 3 - Kings : 3.
16:20 of 3rd period - Kris Vernarsky wins face-off versus Brandon Sutter in neutral zone.
16:46 of 3rd period - John Moore is hit by Brendan Smith.
17:31 of 3rd period - Snap shot by Byron Bitz.
17:31 of 3rd period - Stopped by Evgeni Nabokov with a rebound.
17:33 of 3rd period - Wrist shot by Alexander Ovechkin.
17:33 of 3rd period - Deflect By Ryan Kesler.
17:33 of 3rd period - Shot Misses the Net.
17:33 of 3rd period - Puck is out of play.
17:34 of 3rd period - Andy Miele wins face-off versus Brandon Sutter in Kings zone.
18:05 of 3rd period - Snap shot by Alexander Edler.
18:05 of 3rd period - Stopped by Evgeni Nabokov with a rebound.
18:07 of 3rd period - Wrist shot by David Jones.
18:07 of 3rd period - Shot Blocked by Drew Doughty.
18:09 of 3rd period - Slapshot by David Jones.
18:09 of 3rd period - Stopped by Evgeni Nabokov with a rebound.
18:13 of 3rd period - Slapshot by David Jones.
18:13 of 3rd period - Stopped by Evgeni Nabokov with a rebound.
18:25 of 3rd period - Wrist shot by Alexander Steen.
18:25 of 3rd period - Stopped by Evgeni Nabokov without a rebound.
18:26 of 3rd period - Frans Nielsen wins face-off versus Anze Kopitar in Kings zone.
18:55 of 3rd period - Minor Penalty to Patrik Elias for Holding Stick.
18:56 of 3rd period - Ryan Kesler wins face-off versus Dominic Moore in Kings zone.
19:08 of 3rd period - Slapshot by Dominic Moore.
19:08 of 3rd period - Stopped by Viktor Fasth without a rebound.
19:09 of 3rd period - Ryan Kesler wins face-off versus Chad Larose in Predators zone.
19:09 of 3rd period - Ryan Kesler is hit by Lubomir Visnovsky.
19:23 of 3rd period - Wrist shot by Byron Bitz.
19:23 of 3rd period - Stopped by Evgeni Nabokov without a rebound.
19:24 of 3rd period - Ryan Kesler wins face-off versus Dominic Moore in Kings zone.
19:31 of 3rd period - Snap shot by Byron Bitz.
19:31 of 3rd period - Stopped by Evgeni Nabokov with a rebound.
19:33 of 3rd period - Wrist shot by Byron Bitz.
19:33 of 3rd period - Predators goal is going for a video replay.
19:33 of 3rd period - The goal is refused. The referee deems the play has been stopped, even if he had not physically had the opportunity to stop play by blowing his whistle..
19:34 of 3rd period - Dominic Moore wins face-off versus Ryan Kesler in Kings zone.
Goals for this period are 1 for Predators vs 2 for Kings.
Shots for this period are 15 for Predators vs 6 for Kings.
Overtime #1
0:01 of 1st overtime period - Dominic Moore wins face-off versus Alexander Ovechkin in neutral zone.
0:10 of 1st overtime period - Slapshot by Lubomir Visnovsky.
0:10 of 1st overtime period - Shot Blocked by Niclas Bergfors.
0:55 of 1st overtime period - Penalty to Patrik Elias is over, Patrik Elias is back on ice.
2:23 of 1st overtime period - Ladislav Nagy is hit by John Moore and loses puck.
2:28 of 1st overtime period - Slapshot by Byron Bitz.
2:28 of 1st overtime period - Shot Misses the Net.
2:30 of 1st overtime period - Wrist shot by Christian Ehrhoff.
2:30 of 1st overtime period - Shot Misses the Net.
3:26 of 1st overtime period - Slapshot by Brandon Sutter.
3:26 of 1st overtime period - Shot Misses the Net.
3:50 of 1st overtime period - Snap shot by Byron Bitz.
3:50 of 1st overtime period - Shot Blocked by Brent Sopel.
3:54 of 1st overtime period - Wrist shot by Byron Bitz.
3:54 of 1st overtime period - Stopped by Evgeni Nabokov without a rebound.
3:55 of 1st overtime period - Jordan Eberle wins face-off versus Alexander Ovechkin in Kings zone.
4:36 of 1st overtime period - Ted Purcell is hit by Niclas Bergfors and loses puck.
Goals for this period are 0 for Predators vs 0 for Kings.
Shots for this period are 1 for Predators vs 0 for Kings.
ShootOut
5:00 of 1st overtime period - Penalty Shot by Alexander Ovechkin for Predators.
5:00 of 1st overtime period - Snap shot by Alexander Ovechkin.
5:00 of 1st overtime period - Stopped by Evgeni Nabokov.
5:00 of 1st overtime period - Penalty Shot by Anze Kopitar for Kings.
5:00 of 1st overtime period - Wrist shot by Anze Kopitar.
5:00 of 1st overtime period - Shot Misses the Net.
5:00 of 1st overtime period - Penalty Shot by Ryan Kesler for Predators.
5:00 of 1st overtime period - Deke by Ryan Kesler.
5:00 of 1st overtime period - Stopped by Evgeni Nabokov.
5:00 of 1st overtime period - Penalty Shot by Andrew Cogliano for Kings.
5:00 of 1st overtime period - Deke by Andrew Cogliano.
5:00 of 1st overtime period - Stopped by Viktor Fasth.
5:00 of 1st overtime period - Penalty Shot by Shane Doan for Predators.
5:00 of 1st overtime period - Snap shot by Shane Doan.
5:00 of 1st overtime period - Goal by Shane Doan.
5:00 of 1st overtime period - Penalty Shot by Ted Purcell for Kings.
5:00 of 1st overtime period - Deke by Ted Purcell.
5:00 of 1st overtime period - Stopped by Viktor Fasth.
Back to the Top